 Dungeon Crawl Stone Soup version 0.29.1-13-g9f3cf754e1 (webtiles) character file.

Game seed: 8288457406007559766

137 Gabide the Sneak (level 5, -9/50 HPs)
             Began as a Naga Monk on Jan 24, 2023.
             Mangled by a gnoll
             ... wielding a +2 whip of electrocution
             ... led by a gnoll bouda
              (19 damage)
             ... on level 4 of the Dungeon.
             The game lasted 00:03:57 (2871 turns).

Gabide the Sneak (Naga Monk)                        Turns: 2871, Time: 00:03:57

Health: -9/50      AC: 11    Str: 14    XL:     5   Next: 20%
Magic:  5/5        EV: 10    Int: 10    God:
Gold:   217        SH:  0    Dex: 15    Spells: 4/4 levels left

rFire   . . .      SeeInvis +   a - +0 short sword
rCold   . . .      Faith    .   (no shield)
rNeg    . . .      Spirit   .   u - +2 leather armour of the Thoughtful Runes {-Cast rPois rCorr}
rPois   +          Reflect  .   (no helmet)
rElec   .          Harm     .   (no cloak)
rCorr   +          Rampage  .   h - +1 pair of gloves
Will    .....      NoCast   +   (no barding)
Stlth   +++.......              (no amulet)
HPRegen 0.16/turn               r - +4 ring of protection
MPRegen 0.09/turn               (no ring)

@: very slow
A: AC +1, large, see invisible, deformed body, poison resistance, slowness 2,
spit poison 1, naga tail 1
a: Spit Poison


You were on level 4 of the Dungeon.
You visited 1 branch of the dungeon, and saw 4 of its levels.

You collected 217 gold pieces.

Inventory:

Hand Weapons
 a - a +0 short sword (weapon)
Missiles
 o - 2 atropa-tipped darts
Armour
 b - a +0 robe
 h - a +1 pair of gloves (worn)
 u - the +2 leather armour of the Thoughtful Runes (worn) {-Cast rPois rCorr}
   (You found it on level 3 of the Dungeon)

   rPois:     It protects you from poison.
   -Cast:     It prevents spellcasting.
   rCorr:     It protects you from acid and corrosion.
Jewellery
 r - a +4 ring of protection (left hand)
Scrolls
 d - a scroll of blinking {unknown}
 e - a scroll of vulnerability {unknown}
 g - a scroll of summoning {unknown}
 i - 2 scrolls of noise {unknown}
 k - a scroll of amnesia {unknown}
 l - 4 scrolls of identify {unknown}
 n - 2 scrolls of magic mapping {unknown}
 p - 3 scrolls of torment {unknown}
 q - a scroll of enchant weapon {unknown}
 t - 3 scrolls of enchant armour {unknown}
Potions
 c - a potion of ambrosia
 f - 4 potions of attraction {unknown}
 j - a potion of invisibility {unknown}
 m - 3 potions of flight {unknown}
 s - a potion of curing {unknown}


   Skills:
 - Level 3.7 Fighting
 - Level 3.7 Short Blades
 + Level 1.0 Armour
 - Level 3.0 Dodging
 - Level 4.6 Stealth


You had 4 spell levels left.
You didn't know any spells.
Your spell library contained the following spells:

 Spells                   Type           Power      Damage    Failure   Level
 Freeze                   Ice            0%         1d3       43%         1
 Petrify                  Tmut/Erth      0%         N/A       99%         4
 Yara's Violent Unravell  Hex/Tmut       0%         3d3       100%        5
 Polar Vortex             Ice            0%         N/A       100%        9


Dungeon Overview and Level Annotations

Branches:
Dungeon (4/15)
 Temple: D:4-7

Altars:
Ashenzari
Uskayaw

Annotations:
D:3 1 runed translucent door, DildoBatman's ghost, amateur FoCj


Innate Abilities, Weirdness & Mutations

Your serpentine skin is tough. (AC +1)
You have supernaturally acute eyesight. (SInv)
Armour fits poorly on your strangely shaped body.
Your system is resistant to poisons. (rPois)
You cover ground very slowly.
You can spit poison.
You have a snake-like lower body.


Message History

You have got your breath back.
The gnoll is no longer moving quickly.
The jackal closely misses you. The gnoll hits you but does no damage.
Aiming: Spit Poison (1% risk of failure)
Press: ? - help, Q - select action, (/) - cycle Shift-Dir - straight line, f/p - gnoll
Aim: a gnoll, wielding a +2 whip of electrocution (moderately wounded, poisoned, 65% to hit)
The splash of poison hits the jackal!
The jackal is poisoned.
You kill the jackal!
The gnoll is no longer moving quickly.
The gnoll bouda barks out a call to the hunt!
The gnolls pick up the pace!
The gnoll hits you from afar with a +0 spear.
You hear a shout!
Your Armour skill increases to level 1!
The gnoll attacks as you move away!
The gnoll hits you with a +2 whip of electrocution.
The gnoll hits you but does no damage.
Your attacks no longer feel as feeble.
The gnoll looks more healthy.
The gnoll hits you from afar with a +0 spear.
You have got your breath back.
The gnoll misses you.
The gnoll bouda gazes fiercely through you!
You feel your attacks grow feeble. The gnoll attacks as you move away!
The gnoll hits you but does no damage. x2
The gnoll completely misses you. The gnoll attacks as you move away!
The gnoll hits you with a +2 whip of electrocution.
The gnoll hits you but does no damage. x2
The gnoll hits you from afar with a +0 spear.
* * * LOW HITPOINT WARNING * * *
The gnoll attacks as you move away!
The gnoll hits you with a +2 whip of electrocution.
* * * LOW HITPOINT WARNING * * *
The gnoll hits you but does no damage.
Your attacks no longer feel as feeble.
The gnoll hits you with a +2 whip of electrocution.
* * * LOW HITPOINT WARNING * * *
You are electrocuted!!
You die...

### ### #.........#
##.#######.###.........#
#.....#.....##...†.....#
#............##........#
#...........####.......#
###...##.#....O........#
##..#..#.#g#.....†)....##
#......#.g.#gg..##....##.
##......@..gg##.#####gO†.
#..#.<.##...#...# ###..
#........##....### ##.
##................ ..
#.#####.....##.#.. ...
#.. #....# ## . .... ##
##...# ##... #.... #...
##. ....


You could see a gnoll bouda and 5 gnolls.

Vanquished Creatures
  7 adders
  A worm (D:2)
  3 dart slugs
  6 ball pythons
  6 endoplasms
  2 giant cockroaches
  6 hobgoblins
  8 jackals
  2 kobolds (D:2)
  2 quokkas (D:2)
  2 bats (D:2)
  6 frilled lizards
  6 goblins
  6 rats
63 creatures vanquished.

Notes
Turn   | Place    | Note
-------+----------+-------------------------------------------
     0 | D:1      | Gabide the Naga Monk began the quest for the Orb.
     0 | D:1      | Reached XP level 1. HP: 21/21 MP: 1/1
    83 | D:1      | Reached XP level 2. HP: 18/28 MP: 2/2
   606 | D:1      | Reached XP level 3. HP: 34/34 MP: 3/3
   965 | D:2      | Reached skill level 4 in Stealth
  1000 | D:2      | Reached XP level 4. HP: 42/42 MP: 4/4
  1428 | D:2      | Found a faded altar of an unknown god.
  1994 | D:3      | Found a broken altar of Ashenzari.
  2001 | D:3      | Got the Anthology of the Remoulded Snowflakes
  2177 | D:3      | Found a hide-covered altar of Uskayaw.
  2178 | D:3      | Noticed a +0 hand axe
  2179 | D:3      | Noticed a +0 hand axe
  2227 | D:3      | Noticed DildoBatman's ghost (amateur FoCj)
  2231 | D:3      | Found a runed translucent door.
  2441 | D:3      | Reached XP level 5. HP: 50/50 MP: 5/5
  2480 | D:3      | Identified the +2 leather armour of the Thoughtful Runes
                  | {-Cast rPois rCorr}
  2853 | D:4      | Noticed an ogre
  2864 | D:4      | Reached skill level 1 in Armour
  2871 | D:4      | Mangled by a gnoll

Illustrated notes

Levels and vault maps discovered:
D:1:      dpeg_arrival_line_fractal, layout_rooms
D:2:      layout_loops_corners, hellmonk_ecumenical_altar_pennies_from_heaven
D:3:      layout_basic, dancing_weapons_uskayaw,
          mainiacjoe_overflow_tiny_flanked, hellmonk_ghost_happy_afterlife,
          wander_ebering_terrifying_dragon_lair
D:4:      layout_cave_pools, gammafunk_temple_overflow_elements

Skill      XL: |  1  2  3  4  5 |
---------------+----------------+-----
Stealth        | 4 |  4.6
Dodging        | 3 |  3.0
Armour         | 1 |  1.0
Fighting       | |  3.7
Short Blades   | |  3.7

Action                   |  1- 3 |  4- 6 || total
-------------------------+-------+-------++-------
Melee: Short sword       |    35 |    86 ||   121
       Punch             |     2 |       ||     2
 Abil: Spit Poison       |    22 |    38 ||    60
 Stab: Sleeping          |     1 |     2 ||     3
Armor: Robe              |     6 |    18 ||    24
       Leather armour    |       |    51 ||    51
Dodge: Dodged            |    21 |    70 ||    91
